[ AOE2 MATCH · #465048189 ]
UnrankedArmenians vs Sicilians
[ REPLAY ANALYSIS · EXTRACTED FROM THE RECORDED GAME ]
Feudal
9:41
Castle
22:57
Imperial
—
| APM avg | 45.6 |
| APM peak | 85 |
| eAPM avg | 21.0 |
| Villagers / military | 102 / 72 |
Focus
⚔️ 42.2% · 🌾 57.8%
Composite Bowman ×50 · Scout Cavalry ×12 · Spearman ×5 · Mangonel ×3 · Knight ×2
Feudal
10:01
Castle
23:18
Imperial
39:58
| APM avg | 40.6 |
| APM peak | 84 |
| eAPM avg | 20.6 |
| Villagers / military | 151 / 36 |
Focus
⚔️ 26.4% · 🌾 73.6%
Knight ×25 · Serjeant ×6 · Monk ×2 · Trebuchet (Packed) ×2 · Mangonel ×1
Feudal
11:35
Castle
24:19
Imperial
—
| APM avg | 35.6 |
| APM peak | 87 |
| eAPM avg | 17.4 |
| Villagers / military | 93 / 39 |
Focus
⚔️ 43.1% · 🌾 56.9%
Spearman ×32 · Knight ×6 · Ballista Elephant ×1
Feudal
12:16
Castle
19:10
Imperial
40:16
| APM avg | 34.7 |
| APM peak | 69 |
| eAPM avg | 18.3 |
| Villagers / military | 84 / 66 |
Focus
⚔️ 26.2% · 🌾 73.8%
Knight ×41 · Organ Gun ×15 · Spearman ×6 · Trebuchet (Packed) ×3 · Scout Cavalry ×1
Feudal
9:17
Castle
23:29
Imperial
—
| APM avg | 45.8 |
| APM peak | 82 |
| eAPM avg | 28.2 |
| Villagers / military | 159 / 103 |
Focus
⚔️ 32.8% · 🌾 67.2%
Berserk ×86 · Archer ×7 · Spearman ×6 · Battering Ram ×3 · Skirmisher ×1
Feudal
9:17
Castle
23:18
Imperial
40:36
| APM avg | 65.4 |
| APM peak | 114 |
| eAPM avg | 18.3 |
| Villagers / military | 167 / 66 |
Focus
⚔️ 23.7% · 🌾 76.3%
Knight ×38 · Scout Cavalry ×25 · Trebuchet (Packed) ×2 · Spearman ×1
Match map
Initial resources + every placement click. Lines = walls · curves = elevation contours. ◆ gold · ⬟ stone · ● berries · ✦ relic · ◌ wall gap
Your base· Open — unwalled flank
牛油果's base· Open — unwalled flank
van jonsenheim's base· Open — unwalled flank
倉B's base· Open — unwalled flank
Tigry's base· Open — 10t gap
羅敏莊's base· Open — unwalled flank
Smoothed initial terrain · ◌ = detected wall gap · hover for details
Inputs per minute
— Jonas - - 牛油果
Build order — Jonas
First 150 of 276 actions detected
| 0:01 | Create | Villager (Male) |
| 0:02 | Build | House |
| 0:03 | Build | House |
| 0:04 | Create | Villager (Male) |
| 0:04 | Create | Villager (Male) |
| 0:08 | Create | Villager (Male) |
| 1:28 | Create | Villager (Male) |
| 1:28 | Create | Villager (Male) |
| 1:28 | Create | Villager (Male) |
| 2:05 | Create | Villager (Male) |
| 2:05 | Create | Villager (Male) |
| 2:26 | Create | Villager (Male) |
| 2:26 | Create | Villager (Male) |
| 2:41 | Create | Villager (Male) |
| 2:41 | Create | Villager (Male) |
| 2:52 | Create | Villager (Male) |
| 2:52 | Create | Villager (Male) |
| 2:52 | Create | Villager (Male) |
| 3:23 | Create | Villager (Male) |
| 3:45 | Build | House |
| 4:08 | Create | Villager (Male) |
| 4:09 | Create | Villager (Male) |
| 4:09 | Create | Villager (Male) |
| 4:21 | Build | Mule Cart |
| 4:59 | Create | Villager (Male) |
| 5:44 | Create | Villager (Male) |
| 5:44 | Create | Villager (Male) |
| 6:21 | Build | Mill |
| 6:25 | Build | House |
| 6:56 | Create | Villager (Male) |
| 7:31 | Research | Feudal Age |
| 7:32 | Research | Loom |
| 8:01 | Build | Mill |
| 8:11 | Create | Villager (Male) |
| 8:14 | Build | House |
| 9:05 | Create | Villager (Male) |
| 9:14 | Build | Barracks |
| 9:41 | Age | Feudal Age |
| 9:55 | Create | Spearman |
| 10:19 | Build | Stable |
| 10:55 | Create | Scout Cavalry |
| 10:56 | Create | Scout Cavalry |
| 10:57 | Create | Villager (Male) |
| 10:58 | Research | Double-Bit Axe |
| 11:00 | Create | Villager (Male) |
| 11:14 | Create | Spearman |
| 11:23 | Create | Villager (Male) |
| 11:48 | Create | Villager (Male) |
| 11:52 | Build | House |
| 11:54 | Build | House |
| 11:57 | Create | Scout Cavalry |
| 12:19 | Build | Farm |
| 12:20 | Build | Farm |
| 12:22 | Build | Farm |
| 12:33 | Create | Villager (Male) |
| 12:39 | Build | Mill |
| 12:51 | Create | Villager (Male) |
| 12:51 | Create | Villager (Male) |
| 13:08 | Build | Farm |
| 13:13 | Build | Farm |
| 13:17 | Create | Scout Cavalry |
| 13:23 | Create | Villager (Male) |
| 13:23 | Create | Villager (Male) |
| 13:38 | Build | Palisade Wall |
| 13:43 | Build | Palisade Wall |
| 13:46 | Build | Palisade Wall |
| 13:58 | Create | Villager (Male) |
| 13:58 | Create | Scout Cavalry |
| 14:13 | Create | Villager (Male) |
| 14:23 | Create | Villager (Male) |
| 14:30 | Build | Palisade Wall |
| 14:30 | Build | Palisade Wall |
| 14:31 | Build | Palisade Wall |
| 14:35 | Create | Spearman |
| 14:35 | Create | Spearman |
| 14:50 | Create | Villager (Male) |
| 14:54 | Create | Scout Cavalry |
| 14:54 | Create | Scout Cavalry |
| 15:18 | Build | Farm |
| 15:19 | Build | House |
| 15:28 | Create | Villager (Male) |
| 15:51 | Create | Villager (Male) |
| 16:01 | Create | Scout Cavalry |
| 16:06 | Build | Farm |
| 16:28 | Build | House |
| 16:29 | Build | House |
| 16:35 | Create | Scout Cavalry |
| 16:36 | Create | Villager (Male) |
| 16:46 | Build | Blacksmith |
| 16:58 | Create | Scout Cavalry |
| 17:41 | Create | Villager (Male) |
| 17:44 | Research | Forging |
| 17:50 | Build | Farm |
| 17:51 | Build | Farm |
| 17:52 | Build | Farm |
| 17:54 | Build | Farm |
| 17:55 | Create | Villager (Male) |
| 18:14 | Create | Scout Cavalry |
| 18:29 | Create | Villager (Male) |
| 18:36 | Build | Farm |
| 18:42 | Build | Market |
| 18:49 | Create | Scout Cavalry |
| 18:55 | Create | Spearman |
| 18:58 | Build | House |
| 19:10 | Build | Palisade Wall |
| 19:20 | Create | Villager (Male) |
| 19:43 | Build | Mule Cart |
| 19:48 | Create | Villager (Male) |
| 19:57 | Build | House |
| 19:58 | Build | House |
| 20:00 | Build | House |
| 20:17 | Research | Castle Age |
| 20:18 | Research | Castle Age |
| 20:18 | Research | Castle Age |
| 20:57 | Build | Mule Cart |
| 20:59 | Create | Villager (Male) |
| 21:21 | Build | Palisade Wall |
| 21:32 | Create | Villager (Male) |
| 21:34 | Create | Villager (Male) |
| 21:36 | Build | Farm |
| 21:49 | Build | Stable |
| 22:36 | Research | Bloodlines |
| 22:38 | Research | Scale Barding Armor |
| 22:44 | Research | Gold Mining |
| 22:49 | Create | Villager (Male) |
| 22:57 | Age | Castle Age |
| 23:25 | Create | Knight |
| 23:25 | Create | Knight |
| 23:29 | Build | Mule Cart |
| 23:49 | Create | Villager (Male) |
| 23:49 | Create | Villager (Male) |
| 23:55 | Build | Farm |
| 23:56 | Build | Farm |
| 24:22 | Create | Villager (Male) |
| 24:22 | Create | Villager (Male) |
| 24:51 | Create | Villager (Male) |
| 24:51 | Create | Villager (Male) |
| 25:14 | Create | Villager (Male) |
| 25:15 | Build | Farm |
| 25:16 | Create | Villager (Male) |
| 25:52 | Create | Villager (Male) |
| 26:14 | Create | Villager (Male) |
| 26:14 | Create | Villager (Male) |
| 26:33 | Research | Fletching |
| 26:34 | Research | Padded Archer Armor |
| 26:34 | Research | Padded Archer Armor |
| 27:10 | Build | Castle |
| 27:15 | Research | Bodkin Arrow |
| 27:15 | Research | Bodkin Arrow |
| 28:08 | Create | Villager (Male) |
Build order — 牛油果
First 150 of 382 actions detected
| 0:00 | Create | Villager (Male) |
| 0:02 | Build | House |
| 0:03 | Build | House |
| 0:07 | Create | Villager (Male) |
| 0:07 | Create | Villager (Male) |
| 0:07 | Create | Villager (Male) |
| 0:08 | Create | Villager (Male) |
| 1:36 | Create | Villager (Male) |
| 1:36 | Create | Villager (Male) |
| 1:36 | Create | Villager (Male) |
| 2:11 | Create | Villager (Male) |
| 2:11 | Create | Villager (Male) |
| 2:26 | Create | Villager (Male) |
| 3:03 | Create | Villager (Male) |
| 3:03 | Create | Villager (Male) |
| 3:07 | Create | Villager (Male) |
| 3:28 | Create | Villager (Male) |
| 3:39 | Build | Lumber Camp |
| 3:44 | Build | House |
| 3:52 | Create | Villager (Male) |
| 3:53 | Create | Villager (Male) |
| 4:49 | Create | Villager (Male) |
| 4:49 | Create | Villager (Male) |
| 5:02 | Create | Villager (Male) |
| 5:35 | Build | Mill |
| 5:54 | Create | Villager (Male) |
| 6:01 | Build | House |
| 6:50 | Create | Villager (Male) |
| 7:02 | Build | Mining Camp |
| 7:24 | Build | House |
| 7:26 | Create | Villager (Male) |
| 7:28 | Research | Loom |
| 7:39 | Research | Feudal Age |
| 8:29 | Create | Villager (Male) |
| 8:29 | Create | Villager (Male) |
| 9:23 | Build | Donjon |
| 9:41 | Create | Villager (Male) |
| 10:01 | Age | Feudal Age |
| 10:06 | Research | Double-Bit Axe |
| 10:13 | Build | Blacksmith |
| 10:14 | Build | House |
| 10:26 | Research | Town Watch |
| 10:27 | Create | Villager (Male) |
| 10:30 | Create | Villager (Male) |
| 10:49 | Build | Donjon |
| 11:06 | Build | House |
| 11:08 | Build | Palisade Wall |
| 11:15 | Create | Villager (Male) |
| 11:32 | Research | Fletching |
| 11:42 | Build | Outpost |
| 11:43 | Create | Villager (Male) |
| 11:47 | Build | Farm |
| 11:49 | Research | Horse Collar |
| 11:52 | Build | Farm |
| 12:17 | Build | Farm |
| 12:22 | Create | Villager (Male) |
| 12:33 | Build | Donjon |
| 12:49 | Create | Villager (Male) |
| 13:16 | Build | Farm |
| 13:17 | Build | Farm |
| 13:46 | Build | Mill |
| 13:46 | Create | Villager (Male) |
| 13:47 | Create | Villager (Male) |
| 14:11 | Create | Villager (Male) |
| 14:11 | Create | Villager (Male) |
| 14:28 | Build | Donjon |
| 14:40 | Create | Villager (Male) |
| 14:42 | Build | Farm |
| 14:42 | Build | Farm |
| 14:42 | Build | Farm |
| 14:49 | Build | Farm |
| 15:11 | Create | Villager (Male) |
| 15:12 | Create | Villager (Male) |
| 15:45 | Create | Villager (Male) |
| 15:54 | Create | Villager (Male) |
| 16:05 | Build | Market |
| 16:07 | Build | House |
| 16:14 | Build | Donjon |
| 16:19 | Create | Villager (Male) |
| 16:20 | Create | Villager (Male) |
| 16:37 | Build | Farm |
| 17:02 | Research | Wheelbarrow |
| 17:07 | Build | House |
| 17:08 | Build | House |
| 17:37 | Build | Donjon |
| 17:42 | Create | Villager (Male) |
| 18:01 | Build | House |
| 18:02 | Build | House |
| 18:04 | Build | House |
| 18:05 | Build | House |
| 18:07 | Build | Farm |
| 18:26 | Build | House |
| 18:28 | Build | House |
| 18:35 | Create | Villager (Male) |
| 19:09 | Build | Donjon |
| 19:26 | Create | Villager (Male) |
| 19:26 | Create | Villager (Male) |
| 19:28 | Build | Farm |
| 20:38 | Research | Castle Age |
| 20:48 | Build | Donjon |
| 21:31 | Research | Stone Mining |
| 22:15 | Build | Donjon |
| 22:22 | Create | Villager (Male) |
| 22:22 | Create | Villager (Male) |
| 23:18 | Age | Castle Age |
| 23:34 | Research | Bodkin Arrow |
| 23:35 | Research | Bow Saw |
| 23:40 | Build | Town Center |
| 23:57 | Create | Villager (Male) |
| 24:03 | Build | Mining Camp |
| 24:30 | Create | Villager (Male) |
| 24:31 | Create | Villager (Male) |
| 24:33 | Create | Serjeant |
| 24:33 | Create | Serjeant |
| 24:42 | Build | Donjon |
| 24:45 | Create | Villager (Male) |
| 24:49 | Create | Villager (Male) |
| 25:19 | Create | Serjeant |
| 25:19 | Create | Serjeant |
| 25:21 | Create | Villager (Male) |
| 25:23 | Create | Villager (Male) |
| 25:46 | Build | Donjon |
| 25:52 | Create | Villager (Male) |
| 25:52 | Create | Villager (Male) |
| 25:52 | Create | Villager (Male) |
| 26:00 | Build | Town Center |
| 26:18 | Create | Villager (Male) |
| 26:29 | Build | Donjon |
| 26:32 | Create | Villager (Male) |
| 26:32 | Create | Villager (Male) |
| 26:38 | Build | Farm |
| 26:41 | Create | Villager (Male) |
| 26:52 | Create | Villager (Male) |
| 26:59 | Create | Serjeant |
| 26:59 | Create | Serjeant |
| 27:18 | Build | Donjon |
| 27:21 | Create | Villager (Male) |
| 27:21 | Create | Villager (Male) |
| 27:23 | Create | Villager (Male) |
| 27:29 | Build | House |
| 27:31 | Build | House |
| 27:33 | Build | House |
| 27:34 | Create | Villager (Male) |
| 27:34 | Create | Villager (Male) |
| 27:37 | Build | Farm |
| 27:50 | Build | Lumber Camp |
| 27:59 | Create | Villager (Male) |
| 28:00 | Create | Villager (Male) |
| 28:08 | Build | Donjon |
| 28:10 | Create | Villager (Male) |
Build order — van jonsenheim
First 150 of 307 actions detected
| 0:01 | Create | Villager (Male) |
| 0:02 | Create | Villager (Male) |
| 0:02 | Create | Villager (Male) |
| 0:03 | Build | House |
| 0:04 | Build | House |
| 0:41 | Create | Villager (Male) |
| 1:37 | Create | Villager (Male) |
| 2:12 | Create | Villager (Male) |
| 2:13 | Create | Villager (Male) |
| 2:39 | Create | Villager (Male) |
| 2:53 | Research | Loom |
| 2:59 | Build | Palisade Wall |
| 3:01 | Build | Palisade Wall |
| 3:05 | Build | Palisade Wall |
| 3:12 | Create | Villager (Male) |
| 3:30 | Create | Villager (Male) |
| 3:44 | Create | Villager (Male) |
| 3:50 | Build | Lumber Camp |
| 3:56 | Create | Villager (Male) |
| 3:56 | Create | Villager (Male) |
| 4:39 | Create | Villager (Male) |
| 4:40 | Create | Villager (Male) |
| 4:51 | Build | House |
| 5:57 | Create | Villager (Male) |
| 6:00 | Create | Villager (Male) |
| 6:15 | Create | Villager (Male) |
| 6:21 | Create | Villager (Male) |
| 6:31 | Create | Villager (Male) |
| 6:44 | Create | Villager (Male) |
| 6:44 | Create | Villager (Male) |
| 6:47 | Build | House |
| 7:31 | Build | Mill |
| 7:39 | Create | Villager (Male) |
| 8:27 | Build | Palisade Wall |
| 8:28 | Build | Palisade Wall |
| 8:28 | Build | Palisade Wall |
| 8:29 | Build | Palisade Wall |
| 8:36 | Build | Palisade Wall |
| 8:37 | Build | Palisade Wall |
| 8:38 | Build | Palisade Wall |
| 8:38 | Build | Palisade Wall |
| 8:44 | Build | Palisade Wall |
| 8:50 | Create | Villager (Male) |
| 9:13 | Build | House |
| 9:25 | Research | Feudal Age |
| 9:46 | Create | Villager (Male) |
| 10:08 | Build | Mill |
| 10:20 | Create | Villager (Male) |
| 11:06 | Build | House |
| 11:26 | Build | Barracks |
| 11:35 | Age | Feudal Age |
| 11:54 | Create | Spearman |
| 11:54 | Create | Spearman |
| 11:56 | Create | Villager (Male) |
| 12:19 | Create | Spearman |
| 12:20 | Create | Villager (Male) |
| 12:40 | Create | Spearman |
| 12:54 | Create | Spearman |
| 12:57 | Research | Horse Collar |
| 13:21 | Create | Villager (Male) |
| 13:22 | Create | Villager (Male) |
| 13:38 | Create | Villager (Male) |
| 13:44 | Build | Farm |
| 13:45 | Build | Farm |
| 13:46 | Build | Farm |
| 13:53 | Build | Farm |
| 13:57 | Create | Villager (Male) |
| 14:14 | Create | Spearman |
| 14:18 | Build | House |
| 14:37 | Build | Palisade Gate |
| 14:42 | Create | Villager (Male) |
| 14:45 | Create | Spearman |
| 14:52 | Create | Spearman |
| 15:02 | Create | Villager (Male) |
| 15:10 | Build | Farm |
| 15:16 | Build | Palisade Wall |
| 15:18 | Build | Palisade Wall |
| 15:24 | Create | Villager (Male) |
| 15:41 | Create | Villager (Male) |
| 15:43 | Create | Spearman |
| 15:43 | Create | Spearman |
| 16:04 | Build | Palisade Wall |
| 16:11 | Build | Palisade Wall |
| 16:41 | Create | Villager (Male) |
| 16:41 | Create | Villager (Male) |
| 16:45 | Build | House |
| 16:48 | Create | Villager (Male) |
| 16:53 | Build | House |
| 17:28 | Build | Palisade Wall |
| 17:29 | Build | Palisade Wall |
| 17:30 | Build | Palisade Wall |
| 17:30 | Build | Palisade Wall |
| 17:31 | Build | Palisade Wall |
| 17:31 | Build | Palisade Wall |
| 17:32 | Build | Palisade Wall |
| 17:33 | Build | Palisade Wall |
| 17:58 | Create | Villager (Male) |
| 18:13 | Build | Farm |
| 18:29 | Build | House |
| 18:45 | Build | House |
| 18:54 | Build | Palisade Wall |
| 18:55 | Build | Palisade Wall |
| 18:56 | Build | Palisade Wall |
| 18:57 | Build | Palisade Wall |
| 18:58 | Build | Palisade Wall |
| 19:03 | Build | Palisade Wall |
| 19:05 | Build | Palisade Wall |
| 19:06 | Build | Palisade Wall |
| 19:17 | Create | Spearman |
| 19:18 | Create | Villager (Male) |
| 19:31 | Create | Villager (Male) |
| 19:54 | Create | Villager (Male) |
| 19:58 | Build | Farm |
| 19:59 | Build | Farm |
| 19:59 | Build | Farm |
| 19:59 | Build | Farm |
| 20:04 | Build | Mining Camp |
| 20:09 | Build | Palisade Wall |
| 20:10 | Build | Palisade Wall |
| 20:29 | Create | Spearman |
| 20:31 | Create | Villager (Male) |
| 21:30 | Build | Mining Camp |
| 21:39 | Research | Castle Age |
| 21:47 | Build | Palisade Wall |
| 21:48 | Build | Palisade Wall |
| 21:51 | Build | Palisade Wall |
| 21:52 | Create | Villager (Male) |
| 22:08 | Build | Blacksmith |
| 22:12 | Build | Barracks |
| 22:18 | Create | Spearman |
| 22:18 | Create | Spearman |
| 22:26 | Build | Palisade Wall |
| 22:30 | Create | Spearman |
| 22:32 | Create | Villager (Male) |
| 22:45 | Create | Spearman |
| 22:58 | Build | Palisade Gate |
| 22:59 | Build | Stable |
| 23:00 | Create | Villager (Male) |
| 23:09 | Create | Spearman |
| 23:12 | Build | House |
| 23:17 | Build | Stone Wall |
| 23:24 | Create | Spearman |
| 23:38 | Create | Spearman |
| 23:49 | Create | Spearman |
| 24:03 | Build | House |
| 24:07 | Create | Villager (Male) |
| 24:11 | Build | Gate |
| 24:14 | Create | Spearman |
| 24:19 | Age | Castle Age |
| 24:26 | Build | Siege Workshop |
Build order — 倉B
First 150 of 234 actions detected
| 0:00 | Create | Villager (Male) |
| 0:01 | Create | Villager (Male) |
| 0:03 | Build | House |
| 0:04 | Build | House |
| 0:10 | Create | Villager (Male) |
| 0:10 | Create | Villager (Male) |
| 1:25 | Create | Villager (Male) |
| 1:51 | Research | Loom |
| 2:08 | Create | Villager (Male) |
| 2:48 | Create | Villager (Male) |
| 3:16 | Build | House |
| 3:19 | Create | Villager (Male) |
| 3:26 | Create | Villager (Male) |
| 3:32 | Build | Lumber Camp |
| 4:16 | Create | Villager (Male) |
| 4:39 | Create | Villager (Male) |
| 4:53 | Create | Villager (Male) |
| 5:23 | Create | Villager (Male) |
| 5:37 | Build | Mill |
| 5:42 | Create | Villager (Male) |
| 5:54 | Create | Villager (Male) |
| 6:14 | Create | Villager (Male) |
| 6:19 | Build | House |
| 6:34 | Create | Villager (Male) |
| 7:39 | Create | Villager (Male) |
| 7:57 | Create | Villager (Male) |
| 8:26 | Create | Villager (Male) |
| 8:39 | Build | Mill |
| 8:48 | Create | Villager (Male) |
| 8:59 | Build | Mining Camp |
| 9:16 | Create | Villager (Male) |
| 9:19 | Build | Farm |
| 9:21 | Build | Farm |
| 9:33 | Build | Farm |
| 9:41 | Build | Farm |
| 9:53 | Build | Farm |
| 9:55 | Create | Villager (Male) |
| 10:01 | Build | House |
| 10:02 | Build | House |
| 10:06 | Research | Feudal Age |
| 10:23 | Build | House |
| 10:39 | Build | Palisade Wall |
| 10:45 | Build | House |
| 11:21 | Build | Barracks |
| 12:05 | Build | Mill |
| 12:11 | Build | Farm |
| 12:12 | Create | Villager (Male) |
| 12:16 | Age | Feudal Age |
| 12:25 | Create | Villager (Male) |
| 12:27 | Create | Spearman |
| 12:48 | Build | Mill |
| 12:49 | Create | Villager (Male) |
| 13:07 | Create | Villager (Male) |
| 13:10 | Build | Farm |
| 13:14 | Create | Spearman |
| 13:28 | Create | Spearman |
| 13:49 | Build | Farm |
| 13:56 | Build | Farm |
| 13:56 | Create | Villager (Male) |
| 13:57 | Create | Villager (Male) |
| 14:22 | Build | Palisade Wall |
| 14:26 | Build | Palisade Wall |
| 14:44 | Create | Villager (Male) |
| 14:48 | Build | Market |
| 14:52 | Build | House |
| 14:57 | Build | Palisade Wall |
| 15:04 | Create | Villager (Male) |
| 15:20 | Build | Palisade Gate |
| 15:50 | Create | Villager (Male) |
| 15:58 | Build | Blacksmith |
| 16:13 | Research | Double-Bit Axe |
| 16:30 | Research | Castle Age |
| 17:31 | Build | Stable |
| 17:36 | Build | Stable |
| 17:37 | Build | House |
| 17:50 | Research | Stone Mining |
| 17:54 | Research | Scale Barding Armor |
| 17:56 | Create | Villager (Male) |
| 18:06 | Build | Palisade Wall |
| 18:12 | Build | Palisade Wall |
| 18:15 | Create | Spearman |
| 18:26 | Build | Lumber Camp |
| 19:10 | Create | Scout Cavalry |
| 19:10 | Age | Castle Age |
| 19:13 | Create | Knight ×5 |
| 19:14 | Create | Villager (Male) |
| 19:14 | Create | Villager (Male) |
| 19:36 | Research | Bow Saw |
| 19:45 | Create | Knight |
| 20:25 | Create | Villager (Male) |
| 20:34 | Create | Villager (Male) |
| 21:04 | Research | Town Watch |
| 21:22 | Build | Town Center |
| 21:23 | Create | Villager (Male) |
| 21:23 | Create | Villager (Male) |
| 21:58 | Create | Villager (Male) |
| 22:01 | Build | Farm |
| 22:16 | Research | Husbandry |
| 22:49 | Create | Villager (Male) |
| 22:50 | Research | Wheelbarrow |
| 23:01 | Create | Knight ×3 |
| 23:01 | Create | Knight ×3 |
| 23:04 | Create | Villager (Male) |
| 23:20 | Build | Mining Camp |
| 23:27 | Create | Villager (Male) |
| 23:37 | Build | Palisade Gate |
| 23:39 | Create | Villager (Male) |
| 23:43 | Create | Knight |
| 23:44 | Create | Knight |
| 24:17 | Create | Villager (Male) |
| 24:30 | Create | Villager (Male) |
| 24:31 | Create | Villager (Male) |
| 25:04 | Create | Villager (Male) |
| 25:23 | Create | Villager (Male) |
| 25:36 | Build | House |
| 25:38 | Build | House |
| 25:49 | Create | Villager (Male) |
| 26:02 | Create | Villager (Male) |
| 26:11 | Build | House |
| 26:18 | Build | Lumber Camp |
| 26:34 | Build | House |
| 26:34 | Create | Villager (Male) |
| 26:35 | Create | Villager (Male) |
| 26:59 | Build | Farm |
| 27:07 | Build | Lumber Camp |
| 27:20 | Create | Villager (Male) |
| 27:33 | Create | Villager (Male) |
| 27:37 | Create | Villager (Male) |
| 27:44 | Create | Villager (Male) |
| 27:47 | Create | Knight |
| 28:00 | Build | Mining Camp |
| 28:04 | Build | Mill |
| 28:18 | Build | Castle |
| 29:09 | Create | Villager (Male) |
| 29:13 | Build | Farm |
| 29:15 | Build | Farm |
| 29:23 | Build | Town Center |
| 29:24 | Create | Villager (Male) |
| 29:41 | Create | Villager (Male) |
| 30:34 | Research | Fletching |
| 31:11 | Create | Knight ×5 |
| 31:12 | Create | Knight ×5 |
| 31:15 | Create | Villager (Male) |
| 31:46 | Build | Castle |
| 31:51 | Create | Knight ×5 |
| 31:55 | Create | Villager (Male) |
| 31:57 | Create | Organ Gun |
| 32:36 | Build | Farm |
| 32:36 | Build | Farm |
| 32:36 | Build | Farm |
Build order — Tigry
First 150 of 451 actions detected
| 0:01 | Create | Villager (Male) |
| 0:01 | Create | Villager (Male) |
| 0:02 | Build | House |
| 0:03 | Build | House |
| 0:05 | Create | Villager (Male) |
| 0:05 | Create | Villager (Male) |
| 0:06 | Create | Villager (Male) |
| 1:19 | Create | Villager (Male) |
| 1:20 | Create | Villager (Male) |
| 1:55 | Create | Villager (Male) |
| 1:55 | Create | Villager (Male) |
| 2:31 | Create | Villager (Male) |
| 2:32 | Create | Villager (Male) |
| 2:51 | Create | Villager (Male) |
| 2:52 | Create | Villager (Male) |
| 2:52 | Create | Villager (Male) |
| 3:23 | Create | Villager (Male) |
| 3:23 | Create | Villager (Male) |
| 3:24 | Build | House |
| 4:02 | Build | Lumber Camp |
| 4:07 | Create | Villager (Male) |
| 4:07 | Create | Villager (Male) |
| 4:08 | Create | Villager (Male) |
| 4:10 | Create | Villager (Male) |
| 4:10 | Create | Villager (Male) |
| 4:28 | Create | Villager (Male) |
| 4:28 | Create | Villager (Male) |
| 4:39 | Create | Villager (Male) |
| 4:39 | Create | Villager (Male) |
| 5:13 | Create | Villager (Male) |
| 5:13 | Create | Villager (Male) |
| 5:38 | Create | Villager (Male) |
| 5:38 | Create | Villager (Male) |
| 5:38 | Create | Villager (Male) |
| 5:56 | Build | Mill |
| 6:17 | Create | Villager (Male) |
| 6:21 | Research | Loom |
| 7:04 | Research | Feudal Age |
| 7:05 | Research | Feudal Age |
| 7:40 | Build | House |
| 8:21 | Build | Barracks |
| 9:05 | Create | Villager (Male) |
| 9:17 | Age | Feudal Age |
| 9:22 | Build | Archery Range |
| 9:23 | Create | Villager (Male) |
| 9:25 | Research | Double-Bit Axe |
| 9:25 | Research | Double-Bit Axe |
| 9:38 | Build | House |
| 9:47 | Create | Villager (Male) |
| 9:51 | Build | Farm |
| 10:02 | Build | Farm |
| 10:04 | Build | Farm |
| 10:18 | Create | Villager (Male) |
| 10:20 | Build | Farm |
| 10:37 | Build | Farm |
| 10:38 | Build | Farm |
| 10:50 | Create | Archer |
| 11:00 | Create | Villager (Male) |
| 11:03 | Build | House |
| 11:09 | Build | Watch Tower |
| 11:17 | Build | House |
| 11:35 | Build | Mining Camp |
| 11:39 | Create | Villager (Male) |
| 11:56 | Create | Skirmisher |
| 11:58 | Create | Spearman |
| 12:01 | Create | Villager (Male) |
| 12:20 | Build | Farm |
| 12:32 | Create | Villager (Male) |
| 12:56 | Build | Blacksmith |
| 13:21 | Create | Villager (Male) |
| 13:29 | Create | Villager (Male) |
| 13:54 | Build | Farm |
| 13:57 | Build | Farm |
| 14:00 | Create | Villager (Male) |
| 14:06 | Create | Villager (Male) |
| 14:10 | Build | Mining Camp |
| 14:18 | Build | Palisade Wall |
| 14:24 | Create | Villager (Male) |
| 14:50 | Create | Villager (Male) |
| 15:07 | Build | House |
| 15:11 | Build | House |
| 16:00 | Build | Watch Tower |
| 16:03 | Create | Villager (Male) |
| 16:04 | Create | Archer |
| 16:12 | Build | Mill |
| 16:12 | Build | Farm |
| 16:13 | Build | Farm |
| 16:13 | Build | Farm |
| 16:13 | Build | Farm |
| 16:13 | Build | Farm |
| 16:21 | Research | Horse Collar |
| 16:25 | Create | Villager (Male) |
| 16:33 | Build | House |
| 16:38 | Build | Palisade Wall |
| 16:44 | Create | Villager (Male) |
| 16:48 | Create | Villager (Male) |
| 17:02 | Create | Archer |
| 17:04 | Create | Villager (Male) |
| 17:13 | Build | Farm |
| 17:16 | Build | Farm |
| 17:16 | Create | Villager (Male) |
| 17:55 | Build | Farm |
| 17:59 | Create | Villager (Male) |
| 18:09 | Create | Archer |
| 18:09 | Create | Archer |
| 18:10 | Create | Archer |
| 18:19 | Create | Villager (Male) |
| 18:45 | Build | Market |
| 18:48 | Build | Farm |
| 18:49 | Build | Farm |
| 18:49 | Build | Farm |
| 18:50 | Build | Farm |
| 18:54 | Create | Villager (Male) |
| 19:43 | Create | Villager (Male) |
| 19:46 | Create | Archer |
| 19:55 | Create | Villager (Male) |
| 19:57 | Build | Farm |
| 20:16 | Build | Lumber Camp |
| 20:21 | Build | Farm |
| 20:21 | Build | Farm |
| 20:25 | Build | Farm |
| 20:27 | Build | Farm |
| 20:37 | Create | Villager (Male) |
| 20:49 | Research | Castle Age |
| 20:49 | Research | Castle Age |
| 20:52 | Build | Farm |
| 21:04 | Build | Lumber Camp |
| 21:12 | Build | House |
| 21:21 | Build | Farm |
| 21:29 | Create | Spearman |
| 21:30 | Create | Spearman |
| 21:32 | Research | Forging |
| 21:32 | Research | Forging |
| 21:43 | Create | Spearman |
| 22:00 | Build | House |
| 22:01 | Build | Palisade Wall |
| 22:25 | Create | Spearman |
| 22:33 | Research | Gold Mining |
| 22:50 | Build | Palisade Wall |
| 23:29 | Age | Castle Age |
| 23:32 | Build | Castle |
| 23:41 | Build | House |
| 23:48 | Research | Scale Mail Armor |
| 23:54 | Create | Villager (Male) |
| 23:54 | Create | Villager (Male) |
| 24:06 | Build | House |
| 24:10 | Build | House |
| 24:14 | Build | House |
| 24:23 | Create | Berserk |
| 24:24 | Create | Berserk |
Build order — 羅敏莊
First 150 of 355 actions detected
| 0:02 | Create | Villager (Male) |
| 0:02 | Create | Villager (Male) |
| 0:02 | Create | Villager (Male) |
| 0:03 | Create | Villager (Male) |
| 1:29 | Create | Villager (Male) |
| 1:29 | Create | Villager (Male) |
| 2:01 | Create | Villager (Male) |
| 2:01 | Create | Villager (Male) |
| 2:01 | Create | Villager (Male) |
| 2:40 | Create | Villager (Male) |
| 2:40 | Create | Villager (Male) |
| 3:08 | Create | Villager (Male) |
| 3:09 | Create | Villager (Male) |
| 3:09 | Create | Villager (Male) |
| 3:34 | Create | Villager (Male) |
| 4:20 | Build | Lumber Camp |
| 4:22 | Create | Villager (Male) |
| 4:42 | Create | Villager (Male) |
| 5:15 | Create | Villager (Male) |
| 5:48 | Create | Villager (Male) |
| 6:20 | Create | Villager (Male) |
| 6:25 | Build | Mill |
| 6:47 | Research | Loom |
| 7:07 | Research | Feudal Age |
| 7:35 | Build | Palisade Wall |
| 7:39 | Build | Palisade Wall |
| 7:45 | Build | Palisade Gate |
| 7:48 | Build | Palisade Wall |
| 8:30 | Build | Barracks |
| 8:35 | Build | Barracks |
| 8:59 | Create | Villager (Male) |
| 9:17 | Create | Villager (Male) |
| 9:17 | Age | Feudal Age |
| 9:27 | Build | Stable |
| 9:33 | Create | Villager (Male) |
| 10:06 | Create | Scout Cavalry |
| 10:06 | Create | Scout Cavalry |
| 10:09 | Research | Double-Bit Axe |
| 10:32 | Create | Villager (Male) |
| 10:36 | Build | Farm |
| 10:42 | Create | Scout Cavalry |
| 10:44 | Create | Villager (Male) |
| 11:05 | Create | Villager (Male) |
| 11:08 | Build | Farm |
| 11:12 | Build | Farm |
| 11:25 | Create | Scout Cavalry |
| 11:31 | Build | Farm |
| 11:31 | Build | Farm |
| 11:42 | Create | Villager (Male) |
| 11:54 | Build | Farm |
| 11:55 | Create | Spearman |
| 12:06 | Create | Villager (Male) |
| 12:25 | Create | Villager (Male) |
| 12:39 | Create | Scout Cavalry |
| 12:56 | Create | Villager (Male) |
| 12:57 | Build | Farm |
| 13:03 | Build | Mill |
| 13:19 | Create | Scout Cavalry |
| 13:29 | Create | Villager (Male) |
| 13:32 | Build | Blacksmith |
| 14:08 | Create | Scout Cavalry |
| 14:09 | Create | Villager (Male) |
| 14:12 | Build | Farm |
| 14:21 | Create | Villager (Male) |
| 14:37 | Create | Scout Cavalry |
| 14:58 | Build | Farm |
| 15:01 | Build | Farm |
| 15:02 | Build | Farm |
| 15:03 | Build | Farm |
| 15:05 | Build | Farm |
| 15:09 | Create | Scout Cavalry |
| 15:10 | Create | Villager (Male) |
| 15:33 | Create | Villager (Male) |
| 15:46 | Create | Villager (Male) |
| 15:58 | Build | Farm |
| 15:59 | Research | Forging |
| 16:21 | Research | Scale Barding Armor |
| 16:23 | Build | Farm |
| 16:56 | Create | Villager (Male) |
| 16:57 | Create | Scout Cavalry |
| 17:00 | Build | Farm |
| 17:14 | Research | Horse Collar |
| 17:25 | Create | Scout Cavalry |
| 17:28 | Create | Villager (Male) |
| 17:31 | Build | Farm |
| 17:40 | Create | Villager (Male) |
| 17:56 | Create | Scout Cavalry |
| 17:57 | Create | Villager (Male) |
| 18:12 | Create | Scout Cavalry |
| 18:14 | Create | Villager (Male) |
| 18:32 | Build | Mining Camp |
| 18:38 | Create | Villager (Male) |
| 18:45 | Create | Scout Cavalry |
| 18:59 | Create | Scout Cavalry |
| 18:59 | Create | Villager (Male) |
| 19:13 | Build | Farm |
| 20:08 | Create | Villager (Male) |
| 20:10 | Create | Scout Cavalry |
| 20:38 | Research | Castle Age |
| 21:07 | Create | Scout Cavalry |
| 21:30 | Create | Scout Cavalry |
| 21:56 | Create | Villager (Male) |
| 22:03 | Build | Stable |
| 22:16 | Create | Villager (Male) |
| 22:17 | Create | Villager (Male) |
| 22:31 | Research | Bloodlines |
| 22:33 | Create | Scout Cavalry |
| 22:33 | Create | Scout Cavalry |
| 23:18 | Age | Castle Age |
| 23:20 | Research | Husbandry |
| 23:21 | Research | Light Cavalry (upgrade) |
| 23:32 | Create | Villager (Male) |
| 23:32 | Create | Villager (Male) |
| 23:32 | Create | Villager (Male) |
| 23:35 | Research | Gold Mining |
| 23:38 | Build | Town Center |
| 23:56 | Create | Knight |
| 23:57 | Create | Villager (Male) |
| 23:58 | Create | Villager (Male) |
| 24:19 | Create | Knight |
| 24:20 | Create | Villager (Male) |
| 24:44 | Create | Scout Cavalry |
| 24:44 | Create | Scout Cavalry |
| 24:47 | Create | Knight |
| 24:59 | Create | Villager (Male) |
| 25:00 | Create | Villager (Male) |
| 25:00 | Create | Villager (Male) |
| 25:08 | Build | Palisade Gate |
| 25:14 | Build | Farm |
| 25:16 | Build | Farm |
| 25:29 | Create | Knight |
| 25:29 | Create | Knight |
| 25:33 | Build | Mining Camp |
| 25:49 | Create | Knight |
| 25:51 | Create | Scout Cavalry |
| 25:52 | Create | Scout Cavalry |
| 26:29 | Create | Scout Cavalry |
| 26:30 | Create | Knight |
| 26:31 | Create | Knight |
| 26:59 | Research | Chain Barding Armor |
| 27:21 | Create | Villager (Male) |
| 27:22 | Create | Villager (Male) |
| 27:28 | Build | Farm |
| 27:30 | Build | Farm |
| 27:32 | Create | Villager (Male) |
| 27:33 | Create | Villager (Male) |
| 27:53 | Create | Knight |
| 27:53 | Create | Knight |
| 28:08 | Build | Town Center |
| 28:20 | Build | Farm |
Match timeline
| 2:59 | van jonsenheim · wall_segment Palisade Wall x1 |
| 3:01 | van jonsenheim · wall_segment Palisade Wall x1 |
| 3:05 | van jonsenheim · wall_segment Palisade Wall x1 |
| 7:35 | 羅敏莊 · wall_segment Palisade Wall x4 |
| 7:39 | 羅敏莊 · wall_segment Palisade Wall x5 |
| 7:48 | 羅敏莊 · wall_segment Palisade Wall x4 |
| 8:21 | Tigry · first_building Barracks |
| 8:27 | van jonsenheim · wall_segment Palisade Wall x1 |
| 8:28 | van jonsenheim · wall_segment Palisade Wall x1 |
| 8:28 | van jonsenheim · wall_segment Palisade Wall x1 |
| 8:29 | van jonsenheim · wall_segment Palisade Wall x1 |
| 8:30 | 羅敏莊 · first_building Barracks |
| 8:36 | van jonsenheim · wall_segment Palisade Wall x1 |
| 8:37 | van jonsenheim · wall_segment Palisade Wall x1 |
| 8:38 | van jonsenheim · wall_segment Palisade Wall x1 |
| 8:38 | van jonsenheim · wall_segment Palisade Wall x1 |
| 8:44 | van jonsenheim · wall_segment Palisade Wall x1 |
| 9:14 | Jonas · first_building Barracks |
| 9:17 | Tigry · age_up feudal |
| 9:17 | 羅敏莊 · age_up feudal |
| 9:22 | Tigry · first_building Archery Range |
| 9:23 | 牛油果 · first_building Donjon |
| 9:27 | 羅敏莊 · first_building Stable |
| 9:41 | Jonas · age_up feudal |
| 10:01 | 牛油果 · age_up feudal |
| 10:19 | Jonas · first_building Stable |
| 10:39 | 倉B · wall_segment Palisade Wall x1 |
| 11:08 | 牛油果 · wall_segment Palisade Wall x1 |
| 11:21 | 倉B · first_building Barracks |
| 11:26 | van jonsenheim · first_building Barracks |
| 11:35 | van jonsenheim · age_up feudal |
| 12:16 | 倉B · age_up feudal |
| 13:38 | Jonas · wall_segment Palisade Wall x1 |
| 13:43 | Jonas · wall_segment Palisade Wall x1 |
| 13:46 | Jonas · wall_segment Palisade Wall x1 |
| 14:18 | Tigry · wall_segment Palisade Wall x13 |
| 14:22 | 倉B · wall_segment Palisade Wall x1 |
| 14:26 | 倉B · wall_segment Palisade Wall x1 |
| 14:30 | Jonas · wall_segment Palisade Wall x1 |
| 14:30 | Jonas · wall_segment Palisade Wall x1 |
| 14:31 | Jonas · wall_segment Palisade Wall x1 |
| 14:57 | 倉B · wall_segment Palisade Wall x7 |
| 15:16 | van jonsenheim · wall_segment Palisade Wall x1 |
| 15:18 | van jonsenheim · wall_segment Palisade Wall x1 |
| 15:47 | 倉B · first_market_sell 100 stone |
| 16:04 | van jonsenheim · wall_segment Palisade Wall x1 |
| 16:11 | van jonsenheim · wall_segment Palisade Wall x1 |
| 16:38 | Tigry · wall_segment Palisade Wall x1 |
| 17:28 | van jonsenheim · wall_segment Palisade Wall x1 |
| 17:29 | van jonsenheim · wall_segment Palisade Wall x1 |
| 17:30 | van jonsenheim · wall_segment Palisade Wall x1 |
| 17:30 | van jonsenheim · wall_segment Palisade Wall x1 |
| 17:31 | van jonsenheim · wall_segment Palisade Wall x1 |
| 17:31 | 倉B · first_building Stable |
| 17:31 | van jonsenheim · wall_segment Palisade Wall x1 |
| 17:32 | van jonsenheim · wall_segment Palisade Wall x2 |
| 17:33 | van jonsenheim · wall_segment Palisade Wall x1 |
| 18:06 | 倉B · wall_segment Palisade Wall x1 |
| 18:12 | 倉B · wall_segment Palisade Wall x1 |
| 18:54 | van jonsenheim · wall_segment Palisade Wall x1 |
| 18:55 | van jonsenheim · wall_segment Palisade Wall x1 |
| 18:56 | van jonsenheim · wall_segment Palisade Wall x1 |
| 18:57 | van jonsenheim · wall_segment Palisade Wall x1 |
| 18:58 | van jonsenheim · wall_segment Palisade Wall x1 |
| 19:03 | van jonsenheim · wall_segment Palisade Wall x1 |
| 19:05 | van jonsenheim · wall_segment Palisade Wall x3 |
| 19:06 | van jonsenheim · wall_segment Palisade Wall x4 |
| 19:10 | Jonas · wall_segment Palisade Wall x1 |
| 19:10 | 倉B · age_up castle |
| 19:32 | 牛油果 · first_market_sell 100 wood |
| 20:09 | van jonsenheim · wall_segment Palisade Wall x7 |
| 20:10 | van jonsenheim · wall_segment Palisade Wall x4 |
| 20:16 | Jonas · first_market_sell 100 food |
| 20:44 | Tigry · first_market_sell 100 stone |
| 20:46 | Tigry · first_market_buy 100 food |
| 21:21 | Jonas · wall_segment Palisade Wall x1 |
| 21:47 | van jonsenheim · wall_segment Palisade Wall x1 |
| 21:48 | van jonsenheim · wall_segment Palisade Wall x1 |
| 21:51 | van jonsenheim · wall_segment Palisade Wall x4 |
| 22:01 | Tigry · wall_segment Palisade Wall x13 |
| 22:26 | van jonsenheim · wall_segment Palisade Wall x1 |
| 22:50 | Tigry · wall_segment Palisade Wall x6 |
| 22:57 | Jonas · age_up castle |
| 22:59 | van jonsenheim · first_building Stable |
| 23:17 | van jonsenheim · wall_segment Stone Wall x4 |
| 23:18 | 羅敏莊 · age_up castle |
| 23:18 | 牛油果 · age_up castle |
| 23:29 | Tigry · age_up castle |
| 23:32 | Tigry · first_building Castle |
| 24:19 | van jonsenheim · age_up castle |
| 24:26 | van jonsenheim · first_building Siege Workshop |
| 25:40 | van jonsenheim · wall_segment Palisade Wall x1 |
| 26:02 | van jonsenheim · wall_segment Palisade Wall x1 |
| 27:00 | van jonsenheim · wall_segment Palisade Wall x1 |
| 27:02 | 倉B · first_market_buy 100 wood |
| 27:10 | Jonas · first_building Castle |
| 27:33 | van jonsenheim · wall_segment Palisade Wall x2 |
| 27:46 | 牛油果 · first_market_buy 100 wood |
| 28:13 | Jonas · first_market_buy 100 stone |
| 28:18 | 倉B · first_building Castle |
| 28:29 | Tigry · wall_segment Palisade Wall x1 |
| 28:30 | Tigry · wall_segment Palisade Wall x1 |
| 28:32 | van jonsenheim · first_market_buy 100 food |
| 28:37 | Tigry · wall_segment Palisade Wall x1 |
| 28:38 | 牛油果 · first_building Monastery |
| 28:54 | 羅敏莊 · wall_segment Stone Wall x1 |
| 28:56 | 羅敏莊 · wall_segment Stone Wall x1 |
| 28:57 | 羅敏莊 · wall_segment Stone Wall x1 |
| 29:00 | 羅敏莊 · wall_segment Stone Wall x1 |
| 29:54 | van jonsenheim · first_building Castle |
| 30:00 | van jonsenheim · wall_segment Palisade Wall x1 |
| 30:04 | van jonsenheim · wall_segment Palisade Wall x1 |
| 31:30 | 羅敏莊 · first_building Castle |
| 31:49 | Tigry · wall_segment Stone Wall x1 |
| 31:51 | Tigry · wall_segment Stone Wall x1 |
| 31:53 | Tigry · wall_segment Stone Wall x1 |
| 32:34 | van jonsenheim · wall_segment Palisade Wall x1 |
| 32:57 | 牛油果 · first_building Siege Workshop |
| 32:58 | Tigry · first_building Siege Workshop |
| 33:34 | Jonas · first_building Siege Workshop |
| 33:45 | 羅敏莊 · wall_segment Stone Wall x7 |
| 35:15 | 牛油果 · wall_segment Stone Wall x5 |
| 35:36 | 牛油果 · first_building Barracks |
| 37:01 | van jonsenheim · wall_segment Palisade Wall x1 |
| 37:03 | van jonsenheim · wall_segment Palisade Wall x1 |
| 37:23 | 牛油果 · first_building Stable |
| 37:50 | Jonas · wall_segment Palisade Wall x1 |
| 39:30 | 牛油果 · first_building Castle |
| 39:52 | van jonsenheim · wall_segment Stone Wall x5 |
| 39:55 | van jonsenheim · wall_segment Stone Wall x5 |
| 39:58 | 牛油果 · age_up imperial |
| 40:16 | 倉B · age_up imperial |
| 40:36 | 羅敏莊 · age_up imperial |
| 40:59 | van jonsenheim · wall_segment Stone Wall x1 |
| 41:01 | van jonsenheim · wall_segment Stone Wall x1 |
| 41:03 | van jonsenheim · wall_segment Stone Wall x6 |
| 41:40 | van jonsenheim · wall_segment Stone Wall x7 |
| 42:18 | van jonsenheim · wall_segment Stone Wall x1 |
| 42:19 | van jonsenheim · wall_segment Stone Wall x1 |
| 42:20 | van jonsenheim · wall_segment Stone Wall x1 |
| 42:21 | van jonsenheim · wall_segment Stone Wall x1 |
| 42:22 | van jonsenheim · wall_segment Stone Wall x1 |
| 42:22 | van jonsenheim · wall_segment Stone Wall x1 |
| 42:22 | Tigry · wall_segment Stone Wall x1 |
| 42:24 | van jonsenheim · wall_segment Stone Wall x1 |
| 42:25 | van jonsenheim · wall_segment Stone Wall x2 |
| 42:26 | van jonsenheim · wall_segment Stone Wall x1 |
| 42:28 | van jonsenheim · wall_segment Stone Wall x1 |
| 42:29 | van jonsenheim · wall_segment Stone Wall x1 |
| 42:30 | van jonsenheim · wall_segment Stone Wall x1 |
| 42:30 | van jonsenheim · wall_segment Stone Wall x1 |
| 42:50 | Jonas · resign |
[ AI ANALYSIS · 1 CREDIT ]
What really happened in this match?
Wolo.gg analyzes every decision: build order, eco, micro, common mistakes by bracket. Personalized analysis on WhatsApp or Discord in 30 seconds.
Civ guide
Armenians
Perfil
Jugador #1957328